 Seeded DCSS version 0.30-a0-424-g7412bad402 (webtiles) character file.

Game seed: 2672040522805985899 (custom seed)

530 innerfire433 the Cutter (level 7, -5/55 HPs)
             Began as a Demonspawn Monk on Dec 10, 2022.
             Was an Elder of Cheibriados.
             Slain by a gnoll
             ... wielding a +0 spear
              (8 damage)
             ... on level 4 of the Dungeon.
             The game lasted 00:04:38 (2477 turns).

innerfire433 the Cutter (Demonspawn Monk)           Turns: 2477, Time: 00:04:39

Health: -5/55      AC:  6    Str: 23    XL:     7   Next: 3%
Magic:  7/7        EV: 15    Int: 20    God:    Cheibriados [****..]
Gold:   195        SH:  0    Dex: 24    Spells: 6/6 levels left

rFire   . . .      SeeInvis +    l - +10 dagger "Buwuc" {venom, rC+}
rCold   + . .      Faith    .    (no shield)
rNeg    + . .      Spirit   .    m - +1 ring mail {rN+}
rPois   .          Reflect  .    (no helmet)
rElec   .          Harm     .    (no cloak)
rCorr   +          Rampage  .    (no gloves)
Will    .....                    (no boots)
Stlth   ++........               (no amulet)
HPRegen 0.29/turn                e - ring of see invisible
MPRegen 0.10/turn                j - ring of resist corrosion

@: studying Fighting, very slow
A: sturdy frame 2, demonic magic 1
a: Renounce Religion, Bend Time, Temporal Distortion, Slouch


You were on level 4 of the Dungeon.
You worshipped Cheibriados.
Cheibriados was greatly pleased with you.
You visited 1 branch of the dungeon, and saw 4 of its levels.

You collected 195 gold pieces.

Inventory:

Hand Weapons
 a - a +0 short sword
 l - the +10 dagger "Buwuc" (weapon) {venom, rC+}
   (You found it on level 2 of the Dungeon)

   It poisons the flesh of those it strikes.
   rC:        It protects you from cold.
Armour
 b - a +0 robe
 m - a +1 ring mail of positive energy (worn)
 n - a scarf of harm
Jewellery
 e - a ring of see invisible (left hand)
 j - a ring of resist corrosion (right hand)
Scrolls
 f - 3 scrolls of identify {unknown}
 h - 2 scrolls of teleportation {unknown}
 i - 2 scrolls of enchant armour {unknown}
 k - a scroll of silence {unknown}
 o - a scroll of immolation {unknown}
 p - a scroll of brand weapon {unknown}
 q - a scroll of torment {unknown}
Potions
 c - a potion of ambrosia
 d - a potion of flight {unknown}
 g - a potion of heal wounds


   Skills:
 + Level 4.5 Fighting
 * Level 5.0 Short Blades
 + Level 2.8 Armour
 + Level 4.0 Dodging
 - Level 1.7 Stealth


You had 6 spell levels left.
You didn't know any spells.
Your spell library contained the following spells:

 Spells                   Type           Power      Damage    Failure   Level
 Ignite Poison            Fire/Tmut/Pois 0%         N/A       52%         3
 Sticky Flame             Conj/Fire      0%         2d3       90%         4
 Ignition                 Fire           0%         3d3       100%        8


Dungeon Overview and Level Annotations

Branches:
Dungeon (4/15)
 Temple: D:4-7

Altars:
Cheibriados
Ru


Innate Abilities, Weirdness & Mutations

Your movements are less encumbered by armour. (ER -4)
Spells you cast may paralyse adjacent enemies.


Message History

The orc priest is severely wounded.
The orc priest hits you with a +0 flail.
The gnoll closely misses you. The orc hits you but does no damage.
The gnoll completely misses you.
You barely miss the orc priest.
The orc priest is severely wounded.
You puncture the orc priest!
You kill the orc priest!
Cheibriados appreciates the change of pace.
The gnoll hits you from afar with a +0 spear.
The orc completely misses you. The gnoll hits you but does no damage.
Your Short Blades skill increases to level 5!
You have reached level 7!
You puncture the gnoll!
The gnoll is poisoned.
The gnoll is severely wounded.
The gnoll hits you from afar with a +0 spear.
* * * LOW HITPOINT WARNING * * *
The orc hits you but does no damage. The gnoll closely misses you.
The gnoll misses you.
You puncture the gnoll!
You kill the gnoll!
Cheibriados thoroughly appreciates the change of pace.
The orc hits you but does no damage. The gnoll closely misses you.
The gnoll barely misses you. The orc hits you but does no damage.
The gnoll hits you from afar with a +0 spear!
* * * LOW HITPOINT WARNING * * *
The gnoll closely misses you.
Items here: )) ††.
You hit the orc.
The orc is poisoned.
The orc is moderately wounded.
The orc closely misses you. The gnoll closely misses you. x2
You puncture the orc!
You kill the orc!
Cheibriados thoroughly appreciates the change of pace.
The gnoll misses you.
The gnoll hits you from afar with a +0 spear!
* * * LOW HITPOINT WARNING * * *
The gnoll hits you with a +0 spear!
You die...

..).....##.#
##########.## #..##
##..####### .#####
##.)...... ....?.#
#........
.......#########.#######
.......).))......#
.......@##########
......gg# ........#
.......!# .......##
....... ....... .......


You could see 2 gnolls.

Vanquished Creatures
  Sigmund (D:2)
  An ogre (D:4)
  A necrophage (D:4)
  A hound (D:3)
  An orc priest (D:4)
  2 iguanas (D:4)
  A gnoll (D:4)
  2 adders
  6 worms
  A dart slug (D:1)
  13 orcs
  4 bats
  4 endoplasms
  4 giant cockroaches
  5 goblins
  3 hobgoblins
  6 jackals
  A quokka (D:2)
  6 ball pythons
  4 frilled lizards
  4 kobolds
  5 rats
76 creatures vanquished.

Vanquished Creatures (others)
  An orc (D:4)
1 creature vanquished.

Grand Total: 77 creatures vanquished

Notes
Turn   | Place    | Note
-------+----------+-------------------------------------------
     0 | D:1      | innerfire433 the Demonspawn Monk began the quest for the
                  | Orb.
     0 | D:1      | Reached XP level 1. HP: 18/18 MP: 1/1
   161 | D:1      | Gained mutation: Your movements are slightly less
                  | encumbered by armour. (ER -2) [demonic ancestry]
   161 | D:1      | Reached XP level 2. HP: 22/24 MP: 2/2
   171 | D:1      | Reached skill level 3 in Short Blades
  1007 | D:2      | Identified the +10 dagger "Buwuc" {venom, rC+}
  1050 | D:2      | Gained mutation: Your movements are less encumbered by
                  | armour. (ER -4) [demonic ancestry]
  1050 | D:2      | Reached XP level 3. HP: 29/29 MP: 3/3
  1175 | D:2      | Reached skill level 1 in Armour
  1210 | D:2      | Found a faded altar of an unknown god.
  1245 | D:2      | Prayed at the altar of an unknown god.
  1245 | D:2      | Became a worshipper of Cheibriados the Contemplative
  1245 | D:2      | Reached * piety under Cheibriados
  1245 | D:2      | Reached ** piety under Cheibriados
  1367 | D:2      | Identified the +0 helmet of Beogh's Regard {Rampage rElec
                  | Int+2 Dex+6}
  1408 | D:2      | Reached *** piety under Cheibriados
  1522 | D:2      | Noticed Sigmund
  1533 | D:2      | Killed Sigmund
  1534 | D:2      | Reached skill level 4 in Short Blades
  1534 | D:2      | Reached XP level 4. HP: 28/37 MP: 4/4
  1534 | D:2      | Gained mutation: Spells you cast may paralyse adjacent
                  | enemies. [demonic ancestry]
  1534 | D:2      | Reached XP level 5. HP: 32/42 MP: 5/5
  1927 | D:3      | Found a sacrificial altar of Ru.
  2073 | D:3      | Found a faded altar of an unknown god.
  2120 | D:3      | Reached XP level 6. HP: 44/46 MP: 6/6
  2386 | D:4      | Reached **** piety under Cheibriados
  2472 | D:4      | Reached skill level 5 in Short Blades
  2472 | D:4      | Reached XP level 7. HP: 21/55 MP: 7/7
  2477 | D:4      | Slain by a gnoll

Illustrated notes

Levels and vault maps discovered:
D:1:      psy_arrival_radial02, layout_rooms
D:2:      layout_basic, ebering_ecumenical_altar_mist, grunt_decor_clamped,
          uniq_sigmund
D:3:      layout_basic, nicolae_overflow_ecumenical_swirl,
          mainiacjoe_overflow_large_starburst
D:4:      layout_rooms, grunt_temple_overflow_growth_and_decay,
          minmay_temple_entry_ruins, minmay_manual_monstrance, uniq_ijyb

Skill      XL: |  1  2  3  4  5  6 |
---------------+-------------------+-----
Short Blades   | 3 4 5 |  5.0
Dodging        | 3 4 |  4.0
Armour         | 1 2 |  2.8
Fighting       | 4 |  4.5
Stealth        | |  1.7

Action                   |  1- 3 |  4- 6 |  7- 9 || total
-------------------------+-------+-------+-------++-------
Melee: Short sword       |   120 |       |       ||   120
       Punch             |     3 |       |       ||     3
       Dagger            |    26 |    84 |     4 ||   114
  Use: Potion            |     1 |     1 |       ||     2
 Stab: Sleeping          |     7 |       |       ||     7
Armor: Robe              |    24 |       |       ||    24
       Ring mail         |     3 |    18 |     3 ||    24
Dodge: Dodged            |    86 |    39 |     9 ||   134

Table legend: (Time is in decaauts)
 A = Elapsed time spent in this place.
 B = Non-inter-level travel time spent in this place.
 C = Inter-level travel time spent in this place.
 D = Time resting spent in this place.
 E = Time spent auto-exploring this place.
 F = Levels seen in this place.
 G = Mean time per level.
                   A        B        C        D        E       F      G
               +--------+--------+--------+--------+--------+-----+--------+
         Total |   3009 |   2909 |    100 |      0 |   2322 |   4 |  752.2 |
       Dungeon |   3009 |   2909 |    100 |      0 |   2322 |   4 |  752.2 |
               +--------+--------+--------+--------+--------+-----+--------+

Top non-repeatable levels by time:
     D:3: 1064 daAuts
     D:2: 976 daAuts
     D:1: 812 daAuts
     D:4: 156 daAuts
